 Dungeon Crawl Stone Soup version 0.27-a0-899-ge2d0b17c59 (console) character file.

Game seed: 11478504916303509996

765 jejorda2 the Spear-Bearer (level 7, -1/56 HPs)
             Began as a Merfolk Berserker on Apr 6, 2021.
             Was a Priest of Trog.
             Slain by Eustachio
             ... wielding a +0 rapier
              (2 damage)
             ... on level 4 of the Dungeon.
             The game lasted 00:06:39 (4270 turns).

jejorda2 the Spear-Bearer (Merfolk Berserker)       Turns: 4270, Time: 00:06:40

Health: -1/56      AC: 11    Str: 16 (19) XL:     7   Next: 81%
Magic:  7/7        EV:  7    Int:  2 (4)  God:    Trog [***...]
Gold:   437        SH:  0    Dex: 13 (14) Spells: 6/6 levels left

rFire    . . .     SeeInvis .   a - +0 trident
rCold    . . .     Faith    .   (no shield)
rNeg     . . .     Spirit   .   u - +2 chain mail {Will+}
rPois    .         Reflect  .   (no helmet)
rElec    .         Harm     .   (no cloak)
rCorr    .         Rampage  .   (no gloves)
Will     +....                  (no boots)
Stlth    ..........             (no amulet)
HPRegen  0.18/turn              d - ring of flight
MPRegen  0.10/turn              (no ring)

@: confused, ambrosia-drunk, berserk cooldown, attractive, flying, slowed, very
slow
A: (nimble swimmer 2), mertail, dopey 1, evolution 1
a: Renounce Religion, Berserk, Trog's Hand


You were on level 4 of the Dungeon.
You worshipped Trog.
Trog was most pleased with you.
You visited 1 branch of the dungeon, and saw 4 of its levels.

You collected 437 gold pieces.

Inventory:

Hand Weapons
 a - a +0 trident (weapon)
Missiles
 k - 2 throwing nets
 t - 13 poisoned darts (quivered)
Armour
 u - a +2 chain mail of willpower (worn)
Jewellery
 d - a ring of flight (left hand)
Wands
 n - a wand of random effects (21)
Scrolls
 c - a scroll of fear {unknown}
 e - 2 scrolls of immolation {unknown}
 f - 8 scrolls of identify {unknown}
 l - a scroll of fog {unknown}
 p - a scroll of teleportation {unknown}
 s - a scroll of brand weapon {unknown}
Potions
 b - 2 potions of attraction
 h - a potion of degeneration
 j - a potion of flight {unknown}
 m - a potion of magic {unknown}
 o - a potion of lignification {unknown}
 q - a potion of brilliance {unknown}
 r - a potion of ambrosia


   Skills:
 + Level 5.6 Fighting
 * Level 9.5 Polearms
 + Level 3.4 Armour
 - Level 2.6 Dodging


You had 6 spell levels left.
You didn't know any spells.
Your spell library was empty.

Dungeon Overview and Level Annotations

Branches:
Dungeon (4/15)
 Temple: D:4-7

Altars:

Annotations:
D:4 Eustachio


Innate Abilities, Weirdness & Mutations

((You are quick and stealthy near water. (Stealth+, EV+, Speed+++)))
Your lower body shifts to a powerful aquatic tail in water.
You are dopey. (Int -2)
You evolve.


Message History

The shadow imp hits you but does no damage.
Eustachio barely misses you. The river rat barely misses you.
The ufetubus closely misses you. The ufetubus barely misses you.
The river rat bites you.
* * * LOW HITPOINT WARNING * * *
The bat hits you.
* * * LOW HITPOINT WARNING * * *
The crimson imp is pulled toward you!
Unknown command.
You completely miss Eustachio.
Eustachio is almost dead.
The bat hits you but does no damage.
The ufetubus hits you but does no damage.
The ufetubus hits you.
* * * LOW HITPOINT WARNING * * *
The shadow imp gestures at you. Pain shoots through your body!
* * * LOW HITPOINT WARNING * * *
Eustachio closely misses you.
The river rat bites you but does no damage.
The river rat barely misses you.
The ufetubus hits you but does no damage. x2
The bat hits you but does no damage.
The crimson imp blinks!
The crimson imp is pulled toward you!
Unknown command.
Unknown command.
Unknown command.
It was a potion of mutation.
You feel extremely strange.
You feel stupid.
You feel nature experimenting on you.
Don't worry, failures die fast.
The bat barely misses you.
The ufetubus hits you but does no damage. x2
The shadow imp hits you but does no damage.
Eustachio hits you with a +0 rapier.
* * * LOW HITPOINT WARNING * * *
The river rat bites you but does no damage. x2
The ufetubus barely misses you.
The ufetubus hits you but does no damage.
Eustachio hits you with a +0 rapier.
You die...

.## #..... #.# ..##
#..###. #.# ...## #...###.
#.# ....# ........
#.###....# .....##.
#.......# ....##.
+..b...### ......
###...r5###... #..##.
#.'...@5##.... ##...+.
####.#$.@r5...... ....##.
#....#...b#####...####....
#.##.##...# #..##.......
#.##.###### #.......:...
#.##.# ########...........
#.#### #..................
#.#######.....#.#.#......(
#.......'.........#.....##


You could see Eustachio, a crimson imp (summoned), 2 river rats, a shadow imp
(summoned), an ufetubus (summoned) and 2 bats.

Vanquished Creatures
  A black bear (D:4)
  An ogre (D:4)
  A necrophage (D:4)
  A phantom (D:3)
  2 scorpions (D:4)
  2 hounds (D:4)
  A bullfrog skeleton (D:4)
  Terence (D:3)
  An iguana (D:4)
  A hound skeleton (D:4)
  8 adders
  5 worms
  4 orcs
  9 endoplasms
  4 giant cockroaches
  10 goblins
  7 hobgoblins
  4 quokkas
  6 ball pythons
  5 bats
  2 frilled lizards
  5 kobolds
  6 rats
87 creatures vanquished.

Notes
Turn   | Place    | Note
-------+----------+-------------------------------------------
     0 | D:1      | jejorda2 the Merfolk Berserker began the quest for the Orb.
     0 | D:1      | Reached XP level 1. HP: 18/18 MP: 1/1
   104 | D:1      | Found a faded altar of an unknown god.
   567 | D:1      | Reached XP level 2. HP: 24/24 MP: 2/2
   594 | D:1      | Reached skill level 5 in Polearms
   838 | D:1      | Reached XP level 3. HP: 29/29 MP: 3/3
  1730 | D:3      | Reached ** piety under Trog
  1770 | D:3      | Reached XP level 4. HP: 32/37 MP: 4/4
  1917 | D:3      | Reached skill level 6 in Polearms
  2024 | D:3      | Noticed Terence
  2037 | D:3      | Killed Terence
  2317 | D:3      | Reached XP level 5. HP: 42/42 MP: 5/5
  2376 | D:3      | Noticed a phantom
  2407 | D:3      | Killed a phantom
  2408 | D:3      | Reached skill level 7 in Polearms
  2831 | D:4      | Reached XP level 6. HP: 36/49 MP: 6/6
  2955 | D:4      | Reached skill level 8 in Polearms
  3308 | D:4      | Reached skill level 5 in Fighting
  3339 | D:4      | Noticed a necrophage
  3356 | D:4      | Killed a necrophage
  3357 | D:4      | Reached XP level 7. HP: 56/56 MP: 7/7
  3593 | D:4      | Reached *** piety under Trog
  3708 | D:4      | Reached skill level 9 in Polearms
  3893 | D:4      | Identified the +1 ring mail of Dupta {rF+ rC- Str+2 Int+3}
  4231 | D:4      | Noticed Eustachio
  4269 | D:4      | HP: 1/56 [shadow imp/nerve-wracking pain[Eustachio] (8)]
  4270 | D:4      | Gained mutation: You are dopey. (Int -2) [potion of
                  | mutation]
  4270 | D:4      | Gained mutation: You evolve. [potion of mutation]
  4270 | D:4      | Slain by Eustachio

Illustrated notes

Levels and vault maps discovered:
D:1:      lightli_iron_boxes, layout_basic, shapermc_ecumenical_altar_gd,
          minmay_vboxes
D:2:      layout_basic, hangedman_decor_lopped, st_stairs_6
D:3:      layout_basic, uniq_terence
D:4:      minmay_polygon_palace, layout_basic, minivault_19, uniq_eustachio

Skill      XL: |  1  2  3  4  5  6  7 |
---------------+----------------------+-----
Polearms       | 5 6 7 8 9 |  9.5
Armour         | 2 3 |  3.4
Fighting       | 4 5 |  5.6
Dodging        | |  2.6

Action                   |  1- 3 |  4- 6 |  7- 9 || total
-------------------------+-------+-------+-------++-------
Melee: Spear             |   132 |    40 |       ||   172
       Trident           |       |    92 |   132 ||   224
Invok: Berserk           |     2 |     4 |     1 ||     7
  Use: Potion            |       |       |     4 ||     4
 Stab: Distracted        |       |       |     1 ||     1
Armor: Chain mail        |    39 |    46 |   114 ||   199
Dodge: Dodged            |    43 |    29 |    68 ||   140

Table legend: (Time is in decaauts)
 A = Elapsed time spent in this place.
 B = Non-inter-level travel time spent in this place.
 C = Inter-level travel time spent in this place.
 D = Time resting spent in this place.
 E = Time spent auto-exploring this place.
 F = Levels seen in this place.
 G = Mean time per level.
                   A        B        C        D        E       F      G
               +--------+--------+--------+--------+--------+-----+--------+
         Total |   4272 |   4182 |     90 |    573 |   2955 |   4 | 1068.0 |
       Dungeon |   4272 |   4182 |     90 |    573 |   2955 |   4 | 1068.0 |
               +--------+--------+--------+--------+--------+-----+--------+

Top non-repeatable levels by time:
     D:4: 1503 daAuts
     D:1: 1116 daAuts
     D:3: 1045 daAuts
     D:2: 607 daAuts
